 Dungeon Crawl Stone Soup version 0.22-a0-305-gd21a89c (webtiles) character file.

84 Deeps the Skirmisher (level 4, -4/30 HPs)
             Began as a Gargoyle Fighter on Mar 30, 2018.
             Killed from afar by dracfodder's ghost (11 damage)
             ... with a stone arrow
             ... on level 3 of the Dungeon.
             The game lasted 00:02:11 (1798 turns).

Deeps the Skirmisher (Gargoyle Fighter)             Turns: 1798, Time: 00:02:12

Health: -4/30      AC: 10    Str: 26    XL:     4   Next: 45%
Magic:  4/4        EV: 10    Int:  8    God:
Gold:   124        SH:  0    Dex:  9    Spells: 3/3 levels left

rFire    . . .     SeeInvis .   a - +0 war axe
rCold    . . .     Gourm    .   (no shield)
rNeg     + . .     Faith    .   b - +0 scale mail
rPois    ∞         Spirit   .   (no helmet)
rElec    +         Reflect  .   (no cloak)
rCorr    .         Harm     .   (no gloves)
MR       .....                  (no boots)
Stlth    ..........             (no amulet)
HPRegen  0.10/turn              (no ring)
MPRegen  0.09/turn              (no ring)

@: mighty
A: negative energy resistance 1, electricity resistance, unbreathing,
petrification resistance, rot immunity, AC +3
a: no special abilities


You were on level 3 of the Dungeon.
You were not hungry.

You visited 1 branch of the dungeon, and saw 3 of its levels.

You collected 124 gold pieces.

Inventory:

Hand Weapons
 a - a +0 war axe (weapon)
Armour
 b - a +0 scale mail (worn)
 c - a +0 shield
Scrolls
 e - a scroll of fog {unknown}
 g - 2 scrolls of amnesia {unknown}
 i - 2 scrolls of enchant armour {unknown}
 j - 2 scrolls of identify {unknown}
 k - a scroll of teleportation {unknown}
 l - a scroll of immolation {unknown}
 m - a scroll of remove curse {unknown}
Potions
 d - 2 potions of might
 h - 2 potions of heal wounds {unknown}
 n - a potion of degeneration {unknown}
Comestibles
 f - 4 rations
 o - a chunk of flesh


   Skills:
 + Level 4.6 Fighting
 + Level 3.1 Axes
 - Level 3.2 Armour
 - Level 3.2 Shields


You had 3 spell levels left.
You didn't know any spells.

Dungeon Overview and Level Annotations

Branches:
Dungeon (3/15)

Altars:

Annotations:
D:3 dracfodder's ghost, amateur DDEE


Innate Abilities, Weirdness & Mutations

You are resistant to torment.
Your stone body is resilient. (AC +3)
You are immune to poison.
You resist negative energy. (rN+)
You are resistant to electric shocks. (rElec)
You can survive without breathing.
You are immune to petrification.
You are immune to rotting.


Message History

Dracfodder's ghost hits you but does no damage.
The bat hits you but does no damage.
Unknown command.
You closely miss dracfodder's ghost. You miss the bat.
The bat hits you but does no damage. x2
Dracfodder's ghost casts a spell at you.
The stone arrow hits you!
Ouch! That really hurt!
* * * LOW HITPOINT WARNING * * *
Dracfodder's ghost gestures at you while chanting.
The stone arrow hits you!
* * * LOW HITPOINT WARNING * * *
The bat hits you but does no damage. The bat hits you but does no damage.
The bat barely misses you. The bat closely misses you.
The bat completely misses you. The bat hits you but does no damage.
The bat closely misses you. The bat barely misses you.
The bat closely misses you.
Dracfodder's ghost points at you and mumbles some strange words.
The stone arrow hits you!
You die...

############
#...........
#............
#..............
#..............
#..............
#...@..........
#..b...........
#...W..........
#)b...††.......
#..............
#....[.........
#..............
###############


You could see dracfodder's ghost and 2 bats.

Vanquished Creatures
  2 adders
  A worm (D:2)
  2 dart slugs
  2 leopard geckos
  An orc (D:3)
  7 bats
  3 giant cockroaches
  6 goblins
  9 hobgoblins
  4 jackals (D:1)
  A ball python (D:2)
  5 frilled lizards
  7 kobolds
  3 rats
53 creatures vanquished.

Notes
Turn   | Place    | Note
-------+----------+-------------------------------------------
     0 | D:1      | Deeps the Gargoyle Fighter began the quest for the Orb.
     0 | D:1      | Reached XP level 1. HP: 14/14 MP: 1/1
   170 | D:1      | Reached XP level 2. HP: 18/19 MP: 2/2
   430 | D:1      | Reached XP level 3. HP: 24/24 MP: 3/3
   520 | D:1      | Reached skill level 4 in Fighting
  1168 | D:2      | Reached XP level 4. HP: 30/30 MP: 4/4
  1786 | D:3      | Noticed dracfodder's ghost (amateur DDEE)
  1798 | D:3      | Killed from afar by dracfodder's ghost

Vault maps used:
D:1:      erik_arrival_triangle_medium
D:2:      first_ration, st_stairs_11
D:3:      serial_bayou_pond_e, kennysheep_slug_shrine

Skill      XL: |  1  2  3  4 |
---------------+-------------+-----
Axes           | 2 3 |  3.1
Fighting       | 4 |  4.6
Armour         | |  3.2
Shields        | |  3.2

Action                   |  1- 3 |  4- 6 || total
-------------------------+-------+-------++-------
Melee: War axe           |   101 |    61 ||   162
  Use: Potion            |       |     1 ||     1
  Eat: Chunk             |       |     3 ||     3
Armor: Scale mail        |    78 |    55 ||   133
Dodge: Dodged            |    47 |    71 ||   118

Table legend:
 A = Spawn XP
 B = Non-spawn XP
 C = Spawn XP percentage of total XP
 D = Spawn monster count
 E = Non-spawn monster count
 F = Spawn count percentage of total count
 G = Total turns spent on level
                    A         B        C        D         E        F      G
               +---------+---------+-------+---------+---------+-------+---------
         Total |       0 |     120 |   0.0 |       0 |      53 |   0.0 |  1798
               +---------+---------+-------+---------+---------+-------+---------
           D:1 |       0 |      47 |   0.0 |       0 |      26 |   0.0 |   911
           D:2 |       0 |      46 |   0.0 |       0 |      19 |   0.0 |   678
           D:3 |       0 |      27 |   0.0 |       0 |       8 |   0.0 |   209
               +---------+---------+-------+---------+---------+-------+---------
